 Dungeon Crawl Stone Soup version 0.18-a0-1702-gd20c6a5 (webtiles) character file.

3850 Murumi the Caregiver (level 10, -3/77 HPs)
             Began as a Formicid Fighter on Apr 6, 2016.
             Was a Believer of Elyvilon.
             Killed by the air
             ... invoked by Gastronok
              (34 damage)
             ... on level 8 of the Dungeon.
             The game lasted 00:56:48 (8315 turns).

Murumi the Caregiver (Formicid Fighter)             Turns: 8315, Time: 00:56:49

Health: -3/77      AC: 14    Str: 23    XL:     10   Next: 41%
Magic:  23/25      EV:  9    Int:  9    God:    Elyvilon [**....]
Gold:   393        SH: 11    Dex: 10    Spells: 0 memorised, 9 levels left

rFire  + . .     SeeInvis +     a - +1 long sword
rCold  . . .     Gourm    +     i - +0 chain mail
rNeg   . . .     Faith    .     c - +0 shield
rPois  .         Spirit   .     (helmet unavailable)
rElec  .         Dismiss  .     l - +0 cloak
rCorr  .         Reflect  .     s - +0 pair of gloves
SustAt .         Harm     .     (no boots)
MR     +....                    o - amulet of the gourmand
Stlth  ..........               e - ring of magical power
                                u - ring of protection from fire

@: very slightly contaminated, invisible, somewhat resistant to hostile
enchantments, extremely unstealthy
A: permanent stasis, dig shafts and tunnels, four strong arms, antennae 3,
hooves 1, yellow scales 1
a: Dig, Shaft Self, Lesser Healing, Heal Other, Divine Protection, Renounce
Religion


You were on level 8 of the Dungeon.
You worshipped Elyvilon.
Elyvilon was pleased with you.
You were very hungry.

You visited 1 branch of the dungeon, and saw 8 of its levels.

You collected 449 gold pieces.
You spent 56 gold pieces at shops.

Inventory:

Hand Weapons
 a - a +1 long sword (weapon)
Missiles
 b - 26 bolts
 y - 16 bolts of flame
Armour
 c - a +0 shield (worn)
 i - a +0 chain mail (worn)
 l - a +0 cloak (worn)
 s - a +0 pair of gloves (worn)
Jewellery
 e - a ring of magical power (right hand)
 o - an amulet of the gourmand (around neck)
 u - a ring of protection from fire (left hand)
 w - an uncursed ring of flight
Scrolls
 d - a scroll of amnesia
 j - a scroll of remove curse
 m - 3 scrolls of fear
 p - 2 scrolls of enchant weapon
 q - a scroll of recharging
 r - a scroll of magic mapping
Potions
 g - 2 potions of heal wounds
 h - a potion of invisibility
 n - 4 potions of curing
 t - 2 potions of brilliance {unknown}
 v - a potion of cancellation {unknown}
 x - a potion of magic {unknown}
 z - a potion of haste {unknown}
 A - 2 potions of experience {unknown}
 B - a potion of agility {unknown}
Comestibles
 f - a bread ration


   Skills:
 + Level 6.6 Fighting
 - Level 6.8 Long Blades
 - Level 6.1 Armour
 - Level 4.5 Dodging
 - Level 8.0 Shields
 - Level 8.4 Invocations


You had 9 spell levels left.
You didn't know any spells.

Dungeon Overview and Level Annotations

Branches:
Dungeon (8/15)             Temple (0/1) D:5
   Lair: D:8-11

Altars:
Ashenzari
Elyvilon
Gozag
Nemelex Xobeh
Okawaru
Pakellas
Sif Muna
Trog
Yredelemnul
The Shining One

Shops:
D:3 }   D:4 (   D:5 ?   D:7 :

Annotations:
D:8 Gastronok


Innate Abilities, Weirdness & Mutations

You are under a permanent stasis effect.
You can dig through walls and to a lower floor.
Your four strong arms can wield two-handed weapons with a shield.
You have a pair of large antennae on your head (SInv).
You have large cloven feet.
You are partially covered in yellow scales (AC +2).


Message History

You are healed.
You are feeling very hungry.
You slash Gastronok! You kick Gastronok, but do no damage.
Gastronok is heavily wounded.
You feel sick.
You are no longer poisoned.
Gastronok looks at you while chanting.
Your stasis keeps you stable.
You hit Gastronok.
Gastronok is severely wounded.
You hit Gastronok. You kick Gastronok, but do no damage.
Gastronok is severely wounded.
You block Gastronok's attack.
You hit Gastronok. You kick Gastronok, but do no damage.
Gastronok is severely wounded.
You slash Gastronok! You kick Gastronok, but do no damage.
Gastronok is severely wounded.
Gastronok waves his eye-stalks in wide circles.
The air twists around and strikes you!
You die...

..>...... ........
........ ........
#.....{ ###... {
##w#.# #@#{.##
###.#.## ####.
##.##.#####.....
#......w.a......
#...............
##...............
#................
##................
###....#..F.........


You could see Gastronok.

Vanquished Creatures
  The ghost of skelma the Cleaver, a novice MiFi of Yredelemnul (D:7)
  Pikel (D:7)
  Grinder (D:6)
  Prince Ribbit (D:6)
  A slime creature (D:6)
  2 hungry ghosts
  The ghost of Ebgish the Firebug, an amateur OpFE (D:3)
  A water moccasin (D:5)
  A black bear (D:8)
  A sky beast (D:5)
  An ice beast (D:7)
  A phantom (D:7)
  An ogre (D:5)
  2 centaurs
  A wyvern zombie (D:8)
  A giant frog (D:6)
  A killer bee (D:7)
  A howler monkey (D:5)
  6 crimson imps
  An orc priest (D:5)
  2 centaur skeletons
  5 jellies (D:6)
  4 hounds
  An orc wizard (D:5)
  An iguana (D:6)
  5 worker ants
  8 gnolls
  10 adders
  17 oozes
  An adder zombie (D:3)
  3 worms (D:2)
  A dart slug (D:1)
  8 giant geckos
  11 orcs
  A ball python (D:2)
  11 bats
  3 giant cockroaches
  4 goblins
  11 hobgoblins
  2 jackals (D:7)
  3 quokkas
  3 giant newts
  9 kobolds
  A quokka skeleton (D:6)
  9 rats
161 creatures vanquished.

Vanquished Creatures (others)
  2 slaves (D:7)
  A sky beast (D:7)
  An adder (D:7)
  4 fungi (D:6)
8 creatures vanquished.

Grand Total: 169 creatures vanquished

Notes
Turn   | Place    | Note
--------------------------------------------------------------
     0 | D:1      | Murumi the Formicid Fighter began the quest for the Orb.
     0 | D:1      | Reached XP level 1. HP: 18/18 MP: 1/1
    94 | D:1      | Reached skill level 1 in Dodging
   256 | D:1      | Reached XP level 2. HP: 24/24 MP: 2/2
   481 | D:1      | Gained mutation: You have large cloven feet. [potion of beneficial mutation]
   482 | D:1      | Gained mutation: You are partially covered in yellow scales (AC +2). [potion of beneficial mutation]
   538 | D:1      | Reached XP level 3. HP: 29/29 MP: 3/3
  1043 | D:2      | Found an iron altar of Okawaru.
  1117 | D:2      | Found a sparkling altar of Nemelex Xobeh.
  1137 | D:2      | Reached XP level 4. HP: 34/35 MP: 4/4
  1551 | D:2      | Found a white marble altar of Elyvilon.
  1556 | D:2      | Became a worshipper of Elyvilon the Healer
  1689 | D:2      | Reached XP level 5. HP: 42/42 MP: 5/5
  1914 | D:3      | Noticed Ebgish's ghost (amateur OpFE)
  2049 | D:3      | Killed Ebgish's ghost
  2049 | D:3      | Reached skill level 5 in Armour
  2049 | D:3      | Reached XP level 6. HP: 14/48 MP: 6/6
  2331 | D:3      | Reached skill level 1 in Invocations
  2453 | D:3      | Found an oddly glowing altar of Pakellas.
  2453 | D:3      | Found Pakellas's Prime Provisions.
  2981 | D:3      | Reached * piety under Elyvilon
  3510 | D:4      | Found Juro's Weapon Shoppe.
  3552 | D:4      | Reached XP level 7. HP: 52/54 MP: 9/9
  3577 | D:4      | Found a bloodstained altar of Trog.
  3802 | D:3      | Found an iron altar of Okawaru.
  3888 | D:4      | Found a shattered altar of Ashenzari.
  4006 | D:5      | Entered Level 5 of the Dungeon
  4201 | D:5      | Reached skill level 5 in Shields
  4207 | D:5      | Found Nawk's Magic Scroll Emporium.
  4210 | D:5      | Bought a scroll of identify for 28 gold pieces
  4210 | D:5      | Bought a scroll of identify for 28 gold pieces
  4328 | D:5      | Reached skill level 5 in Invocations
  4548 | D:5      | Reached XP level 8. HP: 47/60 MP: 10/12
  4932 | D:5      | Found a staircase to the Ecumenical Temple.
  5143 | D:6      | Noticed a slime creature
  5164 | D:6      | Killed a slime creature
  5251 | D:6      | Reached skill level 5 in Fighting
  5533 | D:6      | Reached XP level 9. HP: 69/69 MP: 14/14
  5711 | D:6      | Found an opulent altar of Gozag.
  5801 | D:6      | Found a sparkling altar of Nemelex Xobeh.
  5856 | D:6      | Reached ** piety under Elyvilon
  6027 | D:6      | Noticed Grinder
  6055 | D:6      | Killed Grinder
  6152 | D:6      | Noticed Prince Ribbit
  6178 | D:6      | Killed Prince Ribbit
  6517 | D:7      | Noticed Pikel
  6596 | D:7      | Noticed skelma's ghost (novice MiFi)
  6684 | D:7      | Killed Pikel
  6711 | D:7      | Found Syaxt's Book Shop.
  6834 | D:7      | Found a basalt altar of Yredelemnul.
  6950 | D:7      | Reached skill level 5 in Long Blades
  7011 | D:7      | Killed skelma's ghost
  7011 | D:7      | Reached XP level 10. HP: 26/76 MP: 16/16
  7511 | D:7      | Found a glowing golden altar of the Shining One.
  7513 | D:7      | Noticed an angel
  7547 | D:7      | Found a bloodstained altar of Trog.
  7602 | D:7      | Found a deep blue altar of Sif Muna.
  7908 | D:8      | Found an opulent altar of Gozag.
  7933 | D:8      | Noticed Gastronok
  8315 | D:8      | Killed from afar by Gastronok

Vault maps used:
D:1:      dpeg_arrival_rooms_a
D:2:      marbit_many_paths, nemelex_xobeh_ov_fountains_minmay,
          kennysheep_okawaru_gauntlet, first_bread
D:3:      lemuel_upstairs_altar, johnstein_pakellas_shop,
          kennysheep_generic_room_5
D:4:      kennysheep_mini, overflow_temple_1_default, serial_shops,
          nicolae_shop_statue_plus, minmay_misc_feat_tiny
D:5:      temple_fountains, serial_shops, kennysheep_mini_moat
D:6:      lemuel_slime, lemuel_round_altar, nemelex_diamond_rough_becter,
          uniq_prince_ribbit1, uniq_grinder
D:7:      grunt_temple_overflow_holy_war, led_sif_pool, serial_shops,
          nicolae_shop_behind_doors, basic_altar, uniq_pikel
D:8:      dpeg_lair_monsters, basic_altar, st_stairs_10, uniq_erica,
          uniq_gastronok

Skill      XL: |  1  2  3  4  5  6  7  8  9 10 |
---------------+-------------------------------+-----
Dodging        | 1 2 3 4 |  4.5
Shields        | 4 5 7 8 |  8.0
Long Blades    | 3 4 6 |  6.8
Fighting       | 4 5 6 |  6.6
Armour         | 5 6 |  6.1
Invocations    | 3 5 6 8 |  8.4

Action                   |  1- 3 |  4- 6 |  7- 9 | 10-12 || total
-------------------------+-------+-------+-------+-------++-------
Melee: Long sword        |   122 |   197 |   442 |   145 ||   906
Invok: Lesser Healing    |       |       |    21 |     3 ||    24
 Abil: Dig               |     1 |     1 |     4 |     3 ||     9
  Use: Scroll            |     7 |     7 |     4 |     1 ||    19
       Potion            |     2 |     1 |     2 |     2 ||     7
 Stab: Invisible         |       |       |     3 |       ||     3
  Eat: Chunk             |     1 |     7 |    17 |     5 ||    30
       Meat ration       |       |       |     1 |       ||     1
       Bread ration      |       |       |     2 |     1 ||     3
       Pizza             |       |       |       |     1 ||     1
